Map: Galactic Process LE

Players

Stephano - Winner!

  • Race: Zerg Zerg
  • League: Master

pOq (Nina)

  • Race: Protoss Protoss
  • League: Master

Event: DreamHack ZOWIE Open Valencia 2016

VOD

Have the link to the VOD?

Description

Time

  • Played on: July 14, 2016, 4:24 p.m.
  • Length: 13:30

All games in this series

Show
View Real Time Build Order
Export as new Build Order

Stephano Zerg - Winner!

Build Orders: Hatch First 

Get SALT Encoding   

  12  0:00  Drone  
  13  0:13  Overlord  
  13  0:18  Drone  
  14  0:31  Drone x2  
  14  0:35  Drone  
  17  0:53  Hatchery  
  17  0:55  Drone  
  17  0:57  Drone  
  18  1:08  Extractor  
  17  1:12  Spawning Pool  
  17  1:16  Drone  
  17  1:20  Drone  
  18  1:30  Drone  
  19  1:40  Overlord  
  19  1:56  Drone  
  19  1:59  Queen  
  22  2:01  Drone  
  22  2:05  Queen  
  22  2:07  Drone  
  26  2:09  Metabolic Boost  
  26  2:13  Drone  
  27  2:28  Hatchery  
  26  2:31  Overlord  
  26  2:39  Queen  
  26  2:41  Drone  
  26  2:44  Zergling x2  
  30  2:48  Drone x2  
  30  2:51  Drone  
  33  2:53  Drone  
  33  2:57  Overlord  
  34  3:02  Drone  
  35  3:07  Drone x3  
  35  3:10  Zergling x2, Extractor  
  38  3:14  Drone x2  
  38  3:15  Drone  
  38  3:19  Drone  
  42  3:24  Overlord  
  42  3:25  Drone  
  43  3:29  Evolution Chamber, Zergling x2  
  43  3:34  Zergling x2  
  43  3:39  Queen  
  46  3:41  Drone  
  46  3:42  Drone  
  46  3:44  Zergling x4  
  46  3:46  Drone  
  51  3:51  Drone  
  51  3:54  Drone, Baneling Nest  
  53  3:55  Drone  
  52  4:05  Drone x3  
  52  4:06  Overlord  
  55  4:12  Overlord  
  55  4:14  Drone x3  
  58  4:17  Zerg Melee Weapons Level 1  
  58  4:21  Zergling x4  
  58  4:22  Zergling x2  
  61  4:26  Drone x2  
  61  4:28  Drone x2  
  65  4:34  Roach Warren  
  65  4:36  Zergling x4  
  65  4:37  Zergling x2  
  67  4:40  Baneling  
  67  4:41  Baneling x3  
  67  4:43  Baneling x2  
  67  4:44  Zergling x4  
  68  4:46  Drone  
  68  4:50  Evolution Chamber  
  68  4:52  Lair  
  68  4:53  Drone  
  68  4:59  Drone  
  71  5:00  Drone x2  
  71  5:01  Drone x2  
  71  5:02  Drone  
  71  5:05  Extractor  
  71  5:06  Queen, Extractor  
  75  5:09  Drone x2  
  78  5:14  Drone x3  
  80  5:30  Zergling x4  
  80  5:32  Overlord x3  
  80  5:34  Zerg Ground Armor Level 1  
  82  5:40  Overlord  
  82  5:46  Overlord  
  82  5:47  Overlord  
  82  5:50  Queen  
  82  5:51  Centrifical Hooks  
  82  5:52  Zergling x16  
  92  5:58  Overlord  
  91  6:13  Drone x5  
  91  6:14  Overlord  
  91  6:16  Zerg Melee Weapons Level 2  
  95  6:19  Infestation Pit  
  95  6:20  Zergling x10  
  95  6:21  Zergling x6  
  102  6:28  Zergling x2  
  103  6:32  Hatchery  
  103  6:37  Zergling x2  
  103  6:38  Zergling x10  
  108  6:43  Baneling x6  
  108  6:45  Zergling x4, Hatchery  
  109  6:52  Zergling x2  
  109  6:53  Zergling x8  
  112  7:06  Zergling x10  
  112  7:07  Zergling x4  
  110  7:22  Zergling x16  
  108  7:27  Hive  
  108  7:28  Drone  
  96  7:40  Zergling x8  
  96  7:42  Zerg Ground Armor Level 2  
  93  7:45  Queen x2  
  93  7:47  Zergling x4  
  99  7:53  Baneling x10  
  99  7:54  Baneling x5  
  99  7:55  Zergling x8  
  103  7:59  Drone x3  
  103  8:03  Drone x2  
  108  8:07  Zergling x12  
  108  8:08  Zergling x4  
  110  8:25  Zergling x14  
  108  8:40  Zergling x18  
  108  8:41  Zergling x10  
  113  8:43  Extractor  
  113  8:45  Baneling x6  
  113  8:46  Baneling x5  
  113  8:48  Zergling x4  
  112  8:49  Baneling  
  112  8:50  Baneling x10  
  112  8:51  Queen  
  112  8:53  Zergling x4  
  112  8:54  Zergling x2  
  118  8:57  Zergling x14  
  119  9:08  Zergling x14  
  109  9:15  Zergling x12  
  105  9:18  Zergling x4  
  100  9:27  Zergling x18  
  104  9:32  Ultralisk Cavern  
  104  9:34  Zergling x12  
  105  9:38  Zergling x2  
  105  9:40  Baneling x3  
  105  9:41  Baneling x8  
  105  9:42  Zergling x6  
  105  9:44  Queen  
  111  9:50  Zergling x10  
  116  10:04  Baneling x2  
  116  10:10  Zergling x26  
  127  10:15  Queen  
  127  10:16  Zerg Melee Weapons Level 3, Zerg Ground Armor Level 3  
  129  10:22  Chitinous Plating, Extractor  
  126  10:41  Zergling x2  
  126  10:42  Zergling x38  
  143  10:53  Zergling x2  
  143  10:54  Zergling x20  
  151  11:02  Zergling x2  
  151  11:03  Zergling x4  
  149  11:06  Baneling x11  
  149  11:07  Baneling x8  
  144  11:20  Ultralisk x2  
  144  11:25  Zergling x2  
  157  11:53  Overlord x2  
  156  12:07  Baneling x5  
  156  12:08  Baneling x19  
  127  12:30  Ultralisk x3  
  138  12:37  Zergling x36  
  138  12:38  Zergling x6  
  150  12:50  Ultralisk  
  137  12:55  Zergling x10  
  136  13:01  Baneling x7  
  134  13:06  Zergling x4  
Show
View Real Time Build Order
Export as new Build Order

pOq Protoss 

Build Orders: 1 Gate Expand 

Get SALT Encoding   

  12  0:01  Probe (Chrono Boost)  
  13  0:11  Probe (Chrono Boost)  
  14  0:17  Pylon  
  14  0:22  Probe (Chrono Boost)  
  16  0:35  Probe (Chrono Boost)  
  16  0:37  Gateway  
  16  0:44  Assimilator  
  16  0:46  Probe (Chrono Boost)  
  18  0:57  Probe (Chrono Boost)  
  18  1:08  Probe (Chrono Boost)  
  19  1:21  Nexus  
  19  1:24  Probe (Chrono Boost)  
  20  1:31  Pylon  
  20  1:36  Probe (Chrono Boost)  
  21  1:44  Cybernetics Core  
  21  1:47  Probe (Chrono Boost)  
  21  1:52  Assimilator  
  22  1:58  Probe (Chrono Boost)  
  23  2:07  Warp Gate  
  24  2:08  Probe (Chrono Boost)  
  24  2:20  Probe (Chrono Boost)  
  24  2:21  Adept  
  27  2:28  Twilight Council  
  27  2:32  Probe (Chrono Boost)  
  27  2:33  Probe (Chrono Boost)  
  29  2:43  Probe (Chrono Boost)  
  31  2:44  Probe (Chrono Boost)  
  31  2:48  Adept  
  33  2:51  Resonating Glaives  
  33  2:54  Probe (Chrono Boost)  
  33  2:58  Probe (Chrono Boost)  
  35  3:07  Probe (Chrono Boost)  
  35  3:10  Gateway  
  35  3:11  Probe (Chrono Boost)  
  35  3:12  Gateway  
  37  3:19  Adept  
  41  3:21  Mothership Core (Chrono Boost)  
  41  3:25  Probe (Chrono Boost)  
  41  3:26  Pylon  
  42  3:37  Probe (Chrono Boost)  
  44  3:41  Probe (Chrono Boost)  
  44  3:46  Robotics Facility  
  45  3:49  Probe (Chrono Boost)  
  45  3:53  Probe (Chrono Boost)  
  48  4:00  Nexus  
  48  4:01  Probe (Chrono Boost)  
  47  4:04  Pylon  
  47  4:06  Probe (Chrono Boost)  
  48  4:13  Probe (Chrono Boost)  
  48  4:14  Adept  
  48  4:16  Probe (Chrono Boost), Adept  
  54  4:22  Pylon  
  54  4:24  Assimilator  
  54  4:25  Sentry  
  54  4:27  Probe (Chrono Boost)  
  54  4:28  Probe (Chrono Boost)  
  54  4:29  Blink  
  54  4:31  Pylon  
  58  4:33  Warp Prism  
  60  4:40  Probe (Chrono Boost)  
  60  4:42  Probe (Chrono Boost)  
  62  4:46  Sentry  
  62  4:50  Assimilator  
  65  4:53  Probe (Chrono Boost)  
  65  4:55  Forge  
  65  4:58  Probe (Chrono Boost)  
  66  5:04  Gateway  
  66  5:05  Probe (Chrono Boost)  
  67  5:10  Probe (Chrono Boost), Observer  
  67  5:12  Probe (Chrono Boost)  
  70  5:17  Probe (Chrono Boost)  
  72  5:22  Probe (Chrono Boost)  
  72  5:23  Probe (Chrono Boost)  
  72  5:27  Sentry  
  76  5:29  Probe (Chrono Boost), Gateway  
  76  5:31  Gateway  
  76  5:33  Probe (Chrono Boost), Protoss Ground Weapons Level 1  
  76  5:34  Immortal  
  76  5:35  Probe (Chrono Boost)  
  76  5:41  Probe (Chrono Boost)  
  81  5:43  Probe (Chrono Boost)  
  81  5:46  Pylon  
  81  5:47  Probe (Chrono Boost)  
  83  5:50  Pylon  
  83  5:53  Probe (Chrono Boost)  
  83  5:54  Probe (Chrono Boost), Pylon  
  85  5:57  Sentry  
  85  5:59  Probe (Chrono Boost)  
  89  6:05  Probe (Chrono Boost)  
  89  6:08  Immortal  
  83  6:16  Probe (Chrono Boost), Assimilator  
  83  6:17  Assimilator  
  85  6:18  Probe (Chrono Boost)  
  85  6:19  Probe (Chrono Boost)  
  85  6:20  Adept x3, Templar Archives  
  92  6:29  Pylon  
  92  6:31  Adept x2, Photon Cannon  
  96  6:38  Gateway  
  96  6:39  Probe (Chrono Boost), Gateway  
  97  6:42  Pylon  
  97  6:43  Pylon  
  97  6:47  Adept  
  97  6:48  Adept x3  
  105  6:57  Adept  
  105  7:01  Adept  
  108  7:10  Probe (Chrono Boost), Adept  
  108  7:11  Probe (Chrono Boost), Adept x3  
  113  7:16  Probe (Chrono Boost)  
  113  7:18  Adept  
  113  7:22  Probe (Chrono Boost)  
  110  7:27  Probe (Chrono Boost), Adept  
  104  7:32  Adept  
  104  7:34  Adept x2  
  104  7:35  Probe (Chrono Boost)  
  108  7:41  Probe (Chrono Boost)  
  108  7:42  Probe (Chrono Boost)  
  106  7:47  Probe (Chrono Boost)  
  106  7:48  Sentry  
  106  7:50  High Templar  
  106  7:51  Pylon  
  111  7:52  Probe (Chrono Boost), Photon Cannon  
  111  7:54  Probe (Chrono Boost)  
  111  7:56  High Templar  
  117  8:00  Probe (Chrono Boost)  
  117  8:01  Archon  
  117  8:04  Pylon  
  117  8:05  Adept x2  
  122  8:08  High Templar  
  122  8:09  High Templar  
  124  8:15  Archon  
  124  8:17  Probe (Chrono Boost)  
  124  8:18  Probe (Chrono Boost)  
  126  8:20  Adept x2  
  130  8:28  Pylon  
  130  8:29  Pylon x2  
  130  8:37  Warp Prism  
  130  8:42  Protoss Shields Level 1  
  130  8:48  Pylon x2  
  130  8:51  Pylon  
  130  8:53  Stalker x3  
  130  8:54  Stalker x2  
  116  9:13  Immortal  
  98  9:34  Adept x3  
  98  9:35  Adept x5  
  114  9:42  Gateway  
  114  9:43  Gateway  
  114  9:50  Nexus  
  114  9:52  Pylon  
  112  9:54  Pylon  
  112  9:56  High Templar  
  112  9:57  High Templar x3  
  120  10:00  Archon, Photon Cannon  
  120  10:01  Archon  
  120  10:03  Pylon  
  120  10:05  Pylon  
  120  10:07  Adept x2  
  121  10:09  Photon Cannon  
  123  10:14  Pylon  
  123  10:16  Pylon  
  123  10:17  Probe (Chrono Boost), Immortal  
  124  10:21  High Templar x2  
  124  10:22  Photon Cannon  
  131  10:30  Archon  
  127  10:36  Photon Cannon  
  127  10:37  Photon Cannon  
  127  10:38  High Templar  
  127  10:39  High Templar  
  127  10:40  Adept x4  
  139  10:54  Adept x4  
  127  10:57  Probe (Chrono Boost), Archon  
  127  11:00  Probe (Chrono Boost), Adept  
  127  11:01  Adept  
  127  11:06  Probe (Chrono Boost)  
  127  11:07  Probe (Chrono Boost)  
  125  11:13  Probe x2 (Chrono Boost)  
  125  11:16  Probe (Chrono Boost), High Templar  
  125  11:17  High Templar  
  129  11:21  Archon  
  129  11:22  Probe (Chrono Boost)  
  131  11:26  Probe (Chrono Boost)  
  131  11:36  Probe (Chrono Boost)  
  131  11:37  Probe (Chrono Boost)  
  131  11:38  Probe (Chrono Boost), High Templar  
  131  11:39  High Templar  
  139  11:40  Probe (Chrono Boost)  
  139  11:44  Archon  
  139  11:47  Probe (Chrono Boost)  
  140  11:49  Probe (Chrono Boost)  
  140  11:50  Probe x2 (Chrono Boost)  
  140  11:53  High Templar x2  
  147  11:57  Probe (Chrono Boost), Archon  
  150  12:01  Probe (Chrono Boost)  
  150  12:02  Probe (Chrono Boost)  
  150  12:10  Adept x2  
  150  12:11  Adept, Stalker x2  
  160  12:17  Adept  
  160  12:18  Adept x2  
  165  12:23  Probe (Chrono Boost)  
  165  12:29  Adept x2  
  150  12:31  Sentry x2  
  108  12:54  Probe (Chrono Boost)  
  108  12:58  Stalker x4  
  108  13:02  Probe (Chrono Boost)  
  83  13:20  Stalker x3  

Tags
 
Add a new tag
Caveats
  • Supply blocks, unpowered buildings, or Contaminate may cause inaccurate times.
  • Supply counts are checked every 10 seconds.